Toshiro, lawful male human Samurai ### ------- ------- --------- ---# |.....| ----- ----- |..... ....... .|# |...<.| |>..| |....######.)- -.....- -----.|# |.....| |...-#####-...| ###|@| |.....+ |...|.|# |.....| |...| |...| # )|@| |.....| |...|.|# -----.- |... |....#### #|@| |.....| ...|.|# # ----- |...| #|%| -+--.....-----+---|--.|# # ----- #|)--+--+---.....................|# # #|.............{......{..........|# # # #|.-+----.--....-+----...........|######## # ###|.| |...|---.| |.------+--..## -.-|--.- #-.| |...|. |.| |.-..| |.| # |......| #|.| |...|..-.| |.|..| |.| ###-......| #|.| |...|..|.| |.|..| |..####|......| #|.------.-----.------.---------.| #|......| #|...............................| #.......| #--------.------------------------ |......| ########################` -------- Toshiro the Ronin Experience level: 5 Strength: 16 Dexterity: 16 Constitution: 17 Intelligence: 10 Wisdom: 9 Charisma: 7 Health: 0(60) Energy: 9(9) Def: 6 Gold: 511 Moves: 2023 Dungeon seed: ulW5J8Ikm8AKkhwf Game ID: Toshiro_1622317689 Your Inventory: Coins $ - 511 gold pieces Weapons a - an uncursed +0 katana (weapon in hand) b - an uncursed +0 wakizashi c - an uncursed +0 yumi (alternate weapon; not wielded) d - 24 uncursed +0 ya (in quiver) w - 13 blessed +1 arrows Armor e - an uncursed rustproof +0 splint mail (being worn) q - a cursed -1 pair of fumble boots N - an uncursed +0 pair of iron shoes Comestibles m - 2 uncursed tins of male newt meat D - 3 uncursed gunyoki Scrolls g - an uncursed scroll of enchant weapon i - an uncursed scroll of identify o - a cursed scroll of amnesia B - an uncursed scroll of amnesia Spellbooks s - an uncursed spellbook of jumping A - an uncursed spellbook of blank paper Potions j - an uncursed potion of object detection t - an uncursed potion of confusion u - an uncursed potion of water v - a cursed potion of extra healing Wands k - an uncursed wand of light (0:14) Tools f - an uncursed oil lamp (lit) (0:627) h - an uncursed towel p - an uncursed skeleton key x - 3 uncursed tallow candles (0:200) C - an uncursed leash E - 2 cursed tallow candles (0:200) Gems n - an uncursed obsidian stone r - 2 uncursed worthless pieces of black glass y - an uncursed worthless piece of green glass z - an uncursed jacinth stone Y - an uncursed topaz stone Spells and supernatural/magical abilities: Name Level Category Cost Memory W - pray for help -- divine ? -- Your skills at the end: Fighting Skills martial arts [Basic] wands [Basic] Weapon Skills short sword [Basic] long sword [Basic] bow [Basic] Spellcasting Skills Final Attributes: You had strayed. You were a werewolf. You were fast. Amaterasu Omikami was noncommittal. You are dead. Vanquished creatures: 2 yellow lights a shrieker 3 gnome lords a gnomish wizard 2 dwarves a rothe a giant bat an iguana an acid blob a cave spider a yellow mold 19 gnomes 2 geckos a jackal a fox 4 grid bugs 5 lichens 3 newts 50 creatures vanquished. Voluntary challenges: You had been an atheist until turn 2021. You used a wielded weapon 27 times, starting on turn 206. You were illiterate. You never genocided any monsters. You never polymorphed an object. You never changed form. You used no wishes. You never split a pudding. You never wrote Elbereth's name. You violated your moral code, losing 21 points of alignment, starting on turn 2016. Dungeon overview: The Dungeons of Doom: levels 1 to 4 Level 1 a fountain a long staircase Level 2 a vault Level 3 a fountain, a sink Level 4 stairs to The Gnomish Mines The Gnomish Mines: levels 5 to 7 Level 5 stairs to The Dungeons of Doom Level 6 Level 7 <- You were here some fountains History has recorded: On T:1 you entered the Dungeons of Doom to retrieve the Amulet of Yendor! On T:252 you reached level 2 of The Dungeons of Doom. On T:430 you advanced to experience level 2. On T:718 you reached level 3 of The Dungeons of Doom. On T:963 you reached level 4 of The Dungeons of Doom. On T:964 you advanced to experience level 3. On T:1145 you reached level 1 of The Gnomish Mines. On T:1206 you advanced to experience level 4. On T:1380 you reached level 2 of The Gnomish Mines. On T:1381 you advanced to experience level 5. On T:1790 you reached level 3 of The Gnomish Mines. Score breakdown: Gold: 511 ( 9216 points) Experience: 5 levels (11141 points) Exploration: 7 levels ( 14.89%) (10834 points) Discoveries: 0 items ( 0.00%) ( 0 points) Valuables value: (no points given unless you survive) Artifact value: 0 ( 0 points) Variety of kills: 18 monsters ( 4.74%) ( 6529 points) Turncount: 2023 turns ( -17 points) Survival: died (score multiplied by 80%) Total score: 30162 Latest messages: You are hit by a spear! The werewolf bites! The watchman picks up an uncursed +0 ya from the floor. The watchman hits! Please move the cursor to an unknown object. A watchman on a corpse on the floor of a room. Please move the cursor to an unknown object. Never mind. You are now wielding your katana. c - an uncursed +0 yumi (alternate weapon; not wielded). You miss the werewolf. (2x) The werewolf bites! The watchman hits! You miss the werewolf. The werewolf bites! You feel feverish. You begin praying to Amaterasu Omikami. The werewolf changes into a human. The werewolf hits! The watchman hits! The werewolf hits! You die... Final status: Sayonara Toshiro the Samurai, killed by a werewolf, while praying... You died in The Gnomish Mines on dungeon level 7 with 30162 points, and 511 pieces of gold, after 2023 moves. You were level 5 with a maximum of 60 hit points when you died.